 Dungeon Crawl Stone Soup version 0.30-a0-1016-gfb0d676c02 (webtiles) character file.

Game seed: 3522152725362111364

14562 Newt the Carver (level 11, -3/59 (68) HPs)
             Began as a Demonspawn Gladiator on Apr 6, 2023.
             Was a Priest of Makhleb.
             Slain by a minotaur
             ... wielding a +4 long sword of draining
              (10 damage)
             ... in a Gauntlet.
             The game lasted 00:14:25 (9448 turns).

Newt the Carver (Demonspawn Gladiator)              Turns: 9448, Time: 00:14:26

HP:   -3/59 (68)    AC: 13    Str: 16 (18) XL:     11   Next: 90%
MP:   11/11         EV: 18    Int: 12 (13) God:    Makhleb [***...]
Gold: 725           SH:  0    Dex: 12      Spells: 10/10 levels left

rFire   . . .      SeeInvis +    s - +7 long sword (heavy)
rCold   . . .      Faith    .    (no shield)
rNeg    . . .      Spirit   .    Q - +0 troll leather armour
rPois   +          Reflect  .    c - +0 helmet
rElec   +          Rampage  .    t - +0 cloak
rCorr   +          NoTele   +    (no gloves)
Will    .....                    g - +2 pair of boots {Stlth+}
Stlth   ++                       v - amulet of Surghe {Fly Regen+ Int+4}
HPRegen 1.89/turn                f - +5 ring of evasion
MPRegen 0.12/turn                U - ring of the Queen {rElec rPois rCorr SInv}

@: flying, hasted, heavily drained, invisible, very quick
A: yellow scales 1, spiny 2, demonic magic 1, demonic touch 2, [clumsy 2],
[deterioration 2], [frail 2]
a: Renounce Religion, Minor Destruction, Lesser Servant of Makhleb


You were in a Gauntlet.
You worshipped Makhleb.
Makhleb was most pleased with you.
You visited 2 branches of the dungeon, and saw 12 of its levels.
You also visited: Bailey and Gauntlet.

You collected 725 gold pieces.

Inventory:

Hand Weapons
 a - a +0 rapier
 q - a +1 short sword of freezing
 s - a +7 heavy long sword (weapon)
 R - a -1 demon whip of venom
Missiles
 d - 5 throwing nets
 e - 3 javelins
 k - 132 stones
 l - 3 atropa-tipped darts
 n - 3 boomerangs (quivered)
 G - 8 poisoned darts
Armour
 b - a +0 leather armour
 c - a +0 helmet (worn)
 g - a +2 pair of boots of stealth (worn)
 j - a +0 cloak
 t - a +0 cloak (worn)
 F - +1 steam dragon scales
 Q - a +0 troll leather armour (worn)
 S - a +2 leather armour of poison resistance
Jewellery
 f - a +5 ring of evasion (left hand)
 v - the amulet of Surghe (around neck) {Fly Regen+ Int+4}
   (You found it on level 4 of the Dungeon)

   [amulet of regeneration]

   Int:       It affects your intelligence (+4).
   Fly:       It grants you flight.
   Regen:     It increases your rate of health regeneration.
 D - a ring of protection from cold
 N - a ring of see invisible
 T - a ring of flight
 U - the ring of the Queen (right hand) {rElec rPois rCorr SInv}
   (You found it in a Gauntlet)

   [ring of resist corrosion]

   rElec:     It insulates you from electricity.
   rPois:     It protects you from poison.
   SInv:      It lets you see invisible.
   rCorr:     It protects you from acid and corrosion.
Wands
 o - a wand of light (10)
 x - a wand of iceblast (14)
 y - a wand of charming (5)
 z - a wand of flame (25)
Scrolls
 m - 4 scrolls of teleportation
 r - 2 scrolls of amnesia
 w - a scroll of magic mapping
 H - a scroll of identify
 K - a scroll of vulnerability {unknown}
 L - 4 scrolls of enchant armour
 M - a scroll of summoning
 O - a scroll of brand weapon {unknown}
Potions
 h - 8 potions of haste
 i - 4 potions of attraction
 p - 4 potions of brilliance
 u - 13 potions of degeneration
 A - 3 potions of cancellation
 C - a potion of ambrosia
 E - 2 potions of lignification {unknown}
 I - 2 potions of heal wounds
 J - 3 potions of mutation
 P - a potion of curing


   Skills:
 - Level 8.0 Fighting
 - Level 2.6(8.0) Short Blades
 - Level 11.8(12.0) Long Blades
 - Level 5.0 Throwing
 - Level 8.0 Armour
 + Level 4.4 Dodging
 - Level 6.0 Evocations


You had 10 spell levels left.
You didn't know any spells.
Your spell library contained the following spells:

 Spells                   Type           Power      Damage    Failure   Level
 Freeze                   Ice            0%         1d3       36%         1
 Shock                    Conj/Air       0%         1d3       36%         1
 Slow                     Hex            0%         N/A       36%         1
 Summon Small Mammal      Summ           0%         N/A       36%         1
 Ensorcelled Hibernation  Hex/Ice        0%         N/A       52%         2
 Lesser Beckoning         Tloc           0%         N/A       52%         2
 Passwall                 Tmut/Erth      0%         N/A       52%         2
 Call Canine Familiar     Summ           0%         N/A       75%         3
 Confusing Touch          Hex            0%         N/A       75%         3
 Frozen Ramparts          Ice            0%         1d1       75%         3
 Gell's Gravitas          Tloc           0%         N/A       75%         3
 Hailstorm                Conj/Ice       0%         3d3       75%         3
 Summon Guardian Golem    Hex/Summ       0%         N/A       75%         3
 Swiftness                Air            0%         N/A       75%         3
 Teleport Other           Tloc           0%         N/A       75%         3
 Vampiric Draining        Necr           0%         2d6       75%         3
 Vhi's Electric Charge    Tloc/Air       0%         N/A       75%         3
 Airstrike                Air            0%         2d(0-16)  98%         4
 Summon Lightning Spire   Summ/Air       0%         N/A       98%         4
 Arcjolt                  Conj/Air       0%         1d10      100%        5
 Plasma Beam              Fire/Air       0%         2x1d11    100%        6
 Storm Form               Tmut/Air       0%         N/A       100%        7
 Maxwell's Capacitive Co  Air            0%         ∞         100%        8


Dungeon Overview and Level Annotations

Branches:
Dungeon (11/15)            Temple (1/1) D:6            Lair (0/5) D:9
 Bailey (visited)         Gauntlet (1/1)
    Orc: D:9-12

Altars:
Ashenzari
Cheibriados
Dithmenos
Fedhas
Gozag
Hepliaklqana
Kikubaaqudgha
Makhleb
Nemelex Xobeh
Okawaru
Qazlal
Ru
Sif Muna
Trog
Uskayaw
Vehumet
Wu Jian
Xom
Yredelemnul

Shops:
D:5 (   D:6 (

Annotations:
Gauntlet 12 transporters


Innate Abilities, Weirdness & Mutations

You are partially covered in yellow scales. (AC +2)
You are mostly covered in sharp spines.
Spells you cast may paralyse adjacent enemies.
Your touch may inflict irresistible damage on your foes.
[You are very clumsy. (Dex -4)]
[Your body often deteriorates upon taking damage.]
[You are very frail. (-20% HP)]


Message History

You start waiting.
The hell hound barks!
Your extra speed is starting to run out.
You start waiting.
You feel yourself slow down.
There is a transporter here.
You enter the transporter and appear at another place.
A minotaur comes into view.
It is wielding a +4 long sword of draining, wearing the amulet "Virecu" {Reflect rF+ rN+ Int+2 SH+5} and quivering silver javelins.
You fade into invisibility!
Unknown command.
You feel yourself speed up. The minotaur is struck by your spines.
The minotaur completely misses you. The minotaur closely misses you.
Unknown command.
You hit the minotaur.
The minotaur is lightly wounded.
The minotaur is struck by your spines.
The minotaur hits you with a +4 long sword of draining!
Your body deteriorates!
You feel dopey.
You feel drained. The minotaur gores you!
Unknown command.
You slash the minotaur!
The minotaur is moderately wounded.
The minotaur hits you with a +4 long sword of draining!
Your body deteriorates!
You feel weakened.
You feel drained. The minotaur completely misses you.
Unknown command.
Unknown command.
You strike the helpless minotaur from behind!
You slash the minotaur!
The minotaur is heavily wounded.
Unknown command.
You slash the minotaur!
The minotaur is severely wounded.
Unknown command.
The minotaur hits you with a +4 long sword of draining!!
Ouch! That really hurt!
* * * LOW HITPOINT WARNING * * *
Your body deteriorates!
You feel weakened.
You feel drained.
You die...

#############
#...........#
#.#########.# ##.#
#.## #..# #@.# #.##
##H# #.# #.# #.#
..# #.# #.# #.# #.#
#.######### #.#
#.........# ..#
#########.#########


You could see a minotaur (unable to see you, reflecting).

Vanquished Creatures
  A catoblepas (Gauntlet)
  2 two-headed ogres
  Amaemon (D:11)
  A wretched star (Gauntlet)
  A deep elf pyromancer (D:10)
  The ghost of DeathPants the Grave Robber, a novice VSNe of Gozag (D:7)
  An orc knight (Bailey)
  An ugly thing (D:9)
  A gargoyle (Gauntlet)
  An orange demon (D:11)
  3 komodo dragons (D:9)
  Maggie (D:7)
  2 trolls
  A queen bee (D:10)
  4 hornets
  2 wyverns
  3 yaks
  5 vampire mosquitoes (D:10)
  A basilisk (D:9)
  A steam dragon (D:7)
  An acid dragon (D:9)
  Edmund (D:6)
  4 water moccasins
  9 orc warriors
  2 black bears
  A sky beast (D:4)
  2 ice beasts
  4 centaurs
  A kobold brigand (D:9)
  4 bullfrogs
  A wyvern skeleton (D:7)
  3 wights (D:8)
  23 killer bees
  7 howler monkeys
  2 hounds (D:6)
  3 jellies
  2 orc priests
  4 sleepcaps
  2 gnoll boudas
  An iguana (D:6)
  9 orc wizards
  3 small abominations (Gauntlet)
  A spectral howler monkey (D:7)
  16 gnolls
  A howler monkey skeleton (D:7)
  6 adders
  A shadow imp (D:6)
  3 white imps
  An ufetubus (D:7)
  A worm (D:3)
  4 dart slugs
  42 orcs
  7 endoplasms
  5 giant cockroaches
  11 goblins
  5 hobgoblins
  2 jackals (D:2)
  10 kobolds
  6 quokkas
  12 ball pythons
  3 bats
  4 frilled lizards
  5 rats
269 creatures vanquished.

Vanquished Creatures (others)
  19 demonic plants (Gauntlet)
  4 fungi (Gauntlet)
  19 plants
42 creatures vanquished.

Grand Total: 311 creatures vanquished

Notes
Turn   | Place    | Note
-------+----------+-------------------------------------------
     0 | D:1      | Newt the Demonspawn Gladiator began the quest for the Orb.
     0 | D:1      | Reached XP level 1. HP: 16/16 MP: 1/1
   146 | D:1      | You fall into a shaft and drop 1 floor!
   170 | D:2      | Gained mutation: Your touch may inflict minor irresistible
                  | damage on your foes. [demonic ancestry]
   170 | D:2      | Reached XP level 2. HP: 18/23 MP: 2/2
   672 | D:1      | Gained mutation: You are partially covered in yellow
                  | scales. (AC +2) [demonic ancestry]
   672 | D:1      | Reached XP level 3. HP: 27/29 MP: 3/3
  1152 | D:2      | Found a faded altar of an unknown god.
  1789 | D:3      | Reached XP level 4. HP: 38/38 MP: 4/4
  1845 | D:3      | Found a sparkling altar of Nemelex Xobeh.
  2342 | D:3      | Found a faded altar of an unknown god.
  2347 | D:3      | Found an ancient bone altar of Kikubaaqudgha.
  2707 | D:4      | Noticed a sky beast
  2720 | D:4      | Killed a sky beast
  2721 | D:4      | Reached skill level 5 in Fighting
  2721 | D:4      | Reached XP level 5. HP: 34/44 MP: 5/5
  3015 | D:4      | Gained mutation: Your touch may inflict irresistible damage
                  | on your foes. [demonic ancestry]
  3015 | D:4      | Reached XP level 6. HP: 51/51 MP: 6/6
  3151 | D:4      | Identified the amulet of Surghe {Fly Regen+ Int+4}
  3269 | D:5      | Entered Level 5 of the Dungeon
  3503 | D:5      | Found Angeshru's Weapon Emporium.
  3762 | D:5      | Found a snail-covered altar of Cheibriados.
  3869 | D:5      | Reached skill level 5 in Throwing
  3869 | D:5      | Reached skill level 1 in Long Blades
  4049 | D:6      | Found Koxey's Weapon Shoppe.
  4052 | D:6      | Reached skill level 2 in Long Blades
  4052 | D:6      | Gained mutation: You are partially covered in sharp spines.
                  | [demonic ancestry]
  4052 | D:6      | Reached XP level 7. HP: 54/56 MP: 7/7
  4116 | D:6      | Reached skill level 3 in Long Blades
  4253 | D:6      | Reached skill level 4 in Long Blades
  4485 | D:6      | Gained mutation: You are mostly covered in sharp spines.
                  | [demonic ancestry]
  4485 | D:6      | Reached XP level 8. HP: 39/62 MP: 8/8
  4522 | D:6      | Reached skill level 5 in Long Blades
  4588 | D:6      | Noticed Edmund
  4593 | D:6      | Killed Edmund
  4629 | D:6      | Found a staircase to the Ecumenical Temple.
  4652 | Temple   | Entered the Ecumenical Temple
  4926 | D:6      | Reached skill level 6 in Long Blades
  5214 | D:7      | Reached skill level 7 in Long Blades
  5335 | D:7      | Found a runed translucent gate.
  5337 | D:7      | Found a runed translucent gate.
  5337 | D:7      | Found a runed translucent gate.
  5342 | D:7      | Reached skill level 1 in Armour
  5350 | D:7      | Reached XP level 9. HP: 68/68 MP: 9/9
  5350 | D:7      | Noticed DeathPants's ghost (novice VSNe)
  5362 | D:7      | Killed DeathPants's ghost
  5614 | D:7      | Noticed Maggie
  5623 | D:7      | Killed Maggie
  5624 | D:7      | Reached skill level 5 in Armour
  6127 | D:8      | Reached skill level 8 in Long Blades
  6140 | D:8      | Reached XP level 10. HP: 72/80 MP: 10/10
  6198 | D:8      | Found a burning altar of Makhleb.
  6260 | D:8      | Became a worshipper of Makhleb the Destroyer
  6379 | D:8      | Found an iron altar of Okawaru.
  6532 | D:9      | Noticed a red ugly thing
  6543 | D:9      | Killed a red ugly thing
  6544 | D:9      | Reached skill level 9 in Long Blades
  6893 | D:9      | Found a flagged portal.
  6901 | D:9      | Reached * piety under Makhleb
  6910 | Bailey   | Entered a bailey
  6926 | Bailey   | Reached skill level 10 in Long Blades
  6994 | Bailey   | Noticed an orc knight
  7029 | Bailey   | HP: 1/80 [orc warrior/+0 glaive (27)]
  7035 | Bailey   | Killed an orc knight
  7037 | Bailey   | HP: 4/80 [orc warrior/+0 spear (16)]
  7312 | D:9      | Found a blossoming altar of Fedhas.
  7427 | D:9      | Reached skill level 11 in Long Blades
  7496 | D:9      | Gained mutation: Spells you cast may paralyse adjacent
                  | enemies. [demonic ancestry]
  7496 | D:9      | Reached XP level 11. HP: 54/86 MP: 11/11
  7767 | D:9      | Found a staircase to the Lair.
  7907 | D:10     | Entered Level 10 of the Dungeon
  8018 | D:10     | Reached ** piety under Makhleb
  8082 | D:10     | Reached skill level 1 in Evocations
  8111 | D:10     | Noticed a two-headed ogre
  8119 | D:10     | Killed a two-headed ogre
  8253 | D:10     | Noticed a deep elf pyromancer
  8265 | D:10     | Killed a deep elf pyromancer
  8347 | D:10     | Found a hazy altar of Hepliaklqana.
  8542 | D:10     | Found a stormy altar of Qazlal.
  8649 | D:10     | Reached skill level 5 in Evocations
  8873 | D:11     | Noticed Amaemon
  8887 | D:11     | Killed Amaemon
  8899 | D:11     | Noticed a two-headed ogre
  8904 | D:11     | Killed a two-headed ogre
  8906 | D:11     | Found a gate leading to a gauntlet.
  8921 | Gauntlet | Entered a Gauntlet
  8921 | Gauntlet | Found a transporter.
  8930 | Gauntlet | Found a transporter.
  8945 | Gauntlet | Found a transporter.
  8949 | Gauntlet | Noticed a catoblepas
  8950 | Gauntlet | Found a transporter.
  8960 | Gauntlet | Noticed a large abomination
  8965 | Gauntlet | Found a transporter.
  8984 | Gauntlet | Found a transporter.
  8999 | Gauntlet | Found a transporter.
  9005 | Gauntlet | Noticed a wretched star
  9008 | Gauntlet | Found a transporter.
  9020 | Gauntlet | Found a transporter.
  9028 | Gauntlet | Noticed a catoblepas
  9032 | Gauntlet | Found a transporter.
  9049 | Gauntlet | Found a transporter.
  9049 | Gauntlet | Found a transporter.
  9069 | Gauntlet | Found a transporter.
  9089 | Gauntlet | Found a transporter.
  9091 | Gauntlet | Noticed a balrug
  9182 | Gauntlet | Found a transporter.
  9207 | Gauntlet | Found a transporter.
  9209 | Gauntlet | Found a transporter.
  9215 | Gauntlet | Noticed a catoblepas
  9246 | Gauntlet | Killed a catoblepas
  9251 | Gauntlet | Found a transporter.
  9274 | Gauntlet | Paralysed by a hornet for 2 turns
  9278 | Gauntlet | Paralysed by a hornet for 3 turns
  9373 | Gauntlet | Killed a wretched star
  9373 | Gauntlet | Reached *** piety under Makhleb
  9378 | Gauntlet | Identified the ring of the Queen {rElec rPois rCorr SInv}
  9439 | Gauntlet | Identified the amulet "Virecu" {Reflect rF+ rN+ Int+2 SH+5}
  9439 | Gauntlet | Noticed a minotaur
  9448 | Gauntlet | Slain by a minotaur

Illustrated notes

Levels and vault maps discovered:
D:1:      kilobyte_arrival_exit_the_forest, layout_loops_cross, minivault_25,
          serial_bayou_lagoon_a, minmay_octomino_j4
D:2:      layout_basic, shapermc_ecumenical_altar_ellora
D:3:      minmay_bubble_buster, layout_rooms, nemelex_xobeh_ov_fountains_minmay,
          nicolae_overflow_ecumenical_swirl
D:4:      layout_cave_pools
D:5:      layout_loops_ring, marbit_many_paths, nicolae_elyvilon_temple_path,
          serial_shops, nicolae_diamond_shop
D:6:      layout_loops_ring, minmay_temple_entry_wispy, serial_shops, shop,
          uniq_edmund
D:7:      layout_cave_pools, gammafunk_ghost_necromancy, uniq_maggie
D:8:      layout_cave_pools, bloody_makhleb, mainiacjoe_overflow_brackets
D:9:      layout_loops_cross, zin_academy, lemuel_doored_altar,
          erik_lair_dragon, enter_bailey_7
D:10:     layout_irregular_city, nicolae_overflow_hidden_temple,
          nicolae_qazlal_eye_of_the_storm, nicolae_looking_at_the_future
D:11:     layout_big_octagon, gauntlet_entry_generic, kennysheep_orc_sif_temple,
          uniq_amaemon
Temple:   hc_temple_tempest_star
Gauntlet: gammafunk_gauntlet_one_two_three [gammafunk_gauntlet_arena_mazey,
          gammafunk_gauntlet_arena_corners,
          gammafunk_gauntlet_arena_arrow_garden,
          nicolae_gauntlet_arena_flowing_pool, nicolae_gauntlet_arena_t_cross,
          gammafunk_gauntlet_arena_spirals, gammafunk_gauntlet_arena_hedges,
          gammafunk_gauntlet_arena_chambers, nicolae_gauntlet_arena_quarters,
          dreamdust_gauntlet_exit_labyrinth]

Skill      XL: |  1  2  3  4  5  6  7  8  9 10 11 |
---------------+----------------------------------+-----
Fighting       | 3 4 5 8 |  8.0
Throwing       | 3 5 |  5.0
Long Blades    | 2 4 7 8 11 | 11.8
Dodging        | 4 |  4.4
Armour         | 1 5 8 |  8.0
Evocations     | 6 |  6.0
Short Blades   | |  2.6

Action                     |  1- 3 |  4- 6 |  7- 9 | 10-12 || total
---------------------------+-------+-------+-------+-------++-------
  Melee: Rapier            |    74 |       |       |       ||    74
         Punch             |     1 |     2 |     1 |     1 ||     5
         Touch             |    13 |    23 |    15 |    29 ||    80
         Short sword       |    32 |    80 |       |       ||   112
         Long sword        |       |    38 |   109 |   204 ||   351
  Throw: Boomerang         |       |    10 |     5 |    12 ||    27
         Javelin           |       |       |     2 |       ||     2
         Dart              |       |       |       |     3 ||     3
         Throwing net      |       |       |       |     1 ||     1
  Evoke: Wand              |       |       |       |     3 ||     3
    Use: Scroll            |     3 |     8 |     4 |     8 ||    23
         Potion            |       |     1 |     4 |     7 ||    12
   Stab: Sleeping          |     7 |    10 |     3 |     4 ||    24
         Distracted        |       |     1 |       |       ||     1
         Invisible         |       |       |       |     1 ||     1
 Armour: Leather armour    |    31 |    39 |    43 |       ||   113
         Steam dragon scal |       |       |    15 |    55 ||    70
         Troll leather arm |       |       |       |    18 ||    18
  Dodge: Dodged            |    66 |   128 |   150 |   297 ||   641

Table legend: (Time is in decaauts)
 A = Elapsed time spent in this place.
 B = Non-inter-level travel time spent in this place.
 C = Inter-level travel time spent in this place.
 D = Time resting spent in this place.
 E = Time spent auto-exploring this place.
 F = Levels seen in this place.
 G = Mean time per level.
                   A        B        C        D        E       F      G
               +--------+--------+--------+--------+--------+-----+--------+
         Total |   9596 |   9249 |    347 |   1464 |   5919 |  14 |  685.4 |
       Dungeon |   8555 |   8210 |    345 |   1402 |   5280 |  11 |  777.7 |
        Temple |    244 |    242 |      2 |      0 |    230 |   1 |  244.0 |
        Bailey |    276 |    276 |      0 |     20 |    122 |   1 |  276.0 |
      Gauntlet |    519 |    519 |      0 |     42 |    287 |   1 |  519.0 |
               +--------+--------+--------+--------+--------+-----+--------+

Top non-repeatable levels by time:
     D:9: 1258 daAuts
     D:1: 1049 daAuts
     D:3: 974 daAuts
     D:6: 921 daAuts
     D:7: 887 daAuts
    D:10: 853 daAuts
     D:5: 787 daAuts
     D:2: 689 daAuts
     D:4: 567 daAuts
Gauntlet: 519 daAuts
     D:8: 496 daAuts
  Bailey: 276 daAuts
  Temple: 244 daAuts
    D:11: 69 daAuts
